 Dungeon Crawl Stone Soup version 0.28.0-53-g5a82cb258f (webtiles) character file.

Game seed: 12237061901082383623

3050 safid the Severer (level 9, -1/73 HPs)
             Began as a Hill Orc Fighter on Aug 22, 2022.
             Was an Initiate of Beogh.
             Slain by a meliai
             ... wielding a +0 hand axe
              (2 damage)
             ... on level 8 of the Dungeon.
             The game lasted 00:09:11 (8050 turns).

safid the Severer (Hill Orc Fighter)                Turns: 8050, Time: 00:09:12

Health: -1/73      AC: 15    Str: 23    XL:     9   Next: 87%
Magic:  9/9        EV:  6    Int:  8    God:    Beogh [......]
Gold:   279        SH:  4    Dex: 10    Spells: 8/8 levels left

rFire   . . .      SeeInvis +   a - +0 war axe
rCold   . . .      Faith    .   c - +0 buckler
rNeg    . . .      Spirit   .   l - +0 plate armour
rPois   +          Reflect  .   u - +0 helmet
rElec   .          Harm     .   v - +0 cloak
rCorr   .          Rampage  .   (no gloves)
Will    .....                   m - +0 pair of boots
Stlth   ..........              (no amulet)
HPRegen 0.22/turn               j - ring of poison resistance
MPRegen 0.11/turn               b - ring of see invisible

@: no status effects
A: no striking features
a: Renounce Religion


You were on level 8 of the Dungeon.
You worshipped Beogh.
Beogh was noncommittal.
You visited 2 branches of the dungeon, and saw 9 of its levels.

You collected 279 gold pieces.

Inventory:

Hand Weapons
 a - a +0 war axe (weapon)
Missiles
 f - 3 silver boomerangs (quivered)
Armour
 c - a +0 buckler (worn)
 l - a +0 plate armour (worn)
 m - a +0 pair of boots (worn)
 u - a +0 helmet (worn)
 v - a +0 cloak (worn)
Jewellery
 b - a ring of see invisible (right hand)
 j - a ring of poison resistance (left hand)
 p - an amulet of faith
 q - a ring of flight
 y - a ring of protection from cold
Wands
 x - a wand of iceblast (17)
 C - a wand of polymorph (6)
 E - a wand of digging (1)
 H - a wand of paralysis (8)
Scrolls
 g - 2 scrolls of teleportation
 n - 2 scrolls of vulnerability
 o - 4 scrolls of immolation
 r - a scroll of blinking
 s - a scroll of magic mapping
 B - a scroll of enchant armour
 D - a scroll of fog
 J - 3 scrolls of fear
Potions
 d - a potion of might
 e - a potion of mutation {unknown}
 h - 2 potions of invisibility {unknown}
 i - 2 potions of heal wounds {unknown}
 k - 2 potions of ambrosia {unknown}
 t - 3 potions of curing
 w - a potion of brilliance {unknown}
 z - a potion of cancellation {unknown}
 A - 3 potions of haste
 G - a potion of attraction {unknown}
 I - a potion of lignification {unknown}


   Skills:
 + Level 4.8 Fighting
 - Level 16.0 Axes
 + Level 4.6 Armour
 + Level 1.5 Dodging
 - Level 4.0 Shields


You had 8 spell levels left.
You didn't know any spells.
Your spell library contained the following spells:

 Spells                   Type           Power      Damage    Failure   Level
 Freeze                   Ice            0%         1d3       100%        1
 Corpse Rot               Necr/Air       0%         N/A       100%        2
 Poisonous Vapours        Pois/Air       0%         N/A       100%        2
 Conjure Flame            Conj/Fire      0%         6-21      100%        3
 Dazzling Flash           Conj/Hex       0%         N/A       100%        3
 Frozen Ramparts          Ice            0%         1d2       100%        3
 Gell's Gravitas          Tloc           0%         N/A       100%        3
 Ignite Poison            Fire/Tmut/Pois 0%         N/A       100%        3
 Teleport Other           Tloc           0%         N/A       100%        3
 Hailstorm                Conj/Ice       0%         3d3       100%        4
 Iskenderun's Mystic Bla  Conj/Tloc      0%         2d3       100%        4
 Sticky Flame             Conj/Fire      0%         2d3       100%        4
 Conjure Ball Lightning   Conj/Air       0%         3x3d6     100%        6
 Dispersal                Tloc           0%         N/A       100%        6
 Starburst                Conj/Fire      0%         6d3       100%        6
 Discord                  Hex            0%         N/A       100%        8
 Disjunction              Tloc           0%         N/A       100%        8


Dungeon Overview and Level Annotations

Branches:
Dungeon (8/15)             Temple (1/1) D:4
   Lair: D:8-11

Altars:
Ashenzari
Cheibriados
Dithmenos
Elyvilon
Fedhas
Gozag
Hepliaklqana
Kikubaaqudgha
Makhleb
Nemelex Xobeh
Qazlal
Ru
Sif Muna
Uskayaw
Vehumet
Wu Jian
Xom
Yredelemnul
Zin
The Shining One

Shops:
D:4 *


Message History

No target in view!
No target in view!
No target in view!
A meliai comes into view. It is wielding a +0 hand axe.
The meliai buzzes angrily.
Found a helmet.
Throw: 3 boomerangs (silver)
Press: ? - help, Q - select action, (/) - cycle Shift-Dir - straight line, f - meliai
Aim: a meliai, wielding a +0 hand axe and wearing a +0 leather armour (42% to hit)
You throw a silver boomerang.
The silver boomerang hits the meliai but does no damage.
The meliai is lightly wounded.
The meliai hits you with a +0 hand axe! The meliai stings you.
You are poisoned.
The meliai poisons you!
You barely miss the meliai.
You feel very sick. The meliai barely misses you.
The meliai stings you but does no damage.
You block the meliai's attack. The meliai stings you.
You slash the meliai!
The meliai is heavily wounded.
You feel sick. The meliai hits you but does no damage.
The meliai stings you but does no damage.
You slash the meliai!
The meliai is almost dead.
You feel very sick.
The meliai mumbles some strange prayers to its god against you.
Something smites you!
The meliai mumbles some strange prayers to its god against you.
Something smites you!
* * * LOW HITPOINT WARNING * * *
You feel better.
The meliai calls down the wrath of its god upon you.
Something smites you!
* * * LOW HITPOINT WARNING * * *
The meliai hits you with a +0 hand axe!
* * * LOW HITPOINT WARNING * * *
The meliai stings you.
You die...

...........#.####
############.#
#......
#....##.......
#.####...)./.. #.#
#......... #.#
#.........
#.###.......#[
#.#.'........#
#######'#.'.@y.....#
#.........#...)...#.
#........##.........
#........##.........
#....###.####........
#.... #.# ##.......
.... ..# #...... .##
#### #.....


You could see a meliai.

Vanquished Creatures
  Pikel (D:5)
  A wraith (D:5)
  A wyvern (D:7)
  Edmund (D:6)
  2 water moccasins
  A black bear (D:4)
  2 ice beasts
  A necrophage (D:6)
  2 ogres (D:5)
  A phantom (D:5)
  A centaur (D:7)
  A kobold brigand (D:6)
  3 bullfrogs
  2 scorpions (D:7)
  2 howler monkeys
  3 wights (D:7)
  3 orc priests
  2 hounds
  2 gnoll shamans
  A centaur skeleton (D:5)
  2 jellies
  A bullfrog skeleton (D:4)
  An iguana (D:7)
  3 orc wizards
  A killer bee zombie (D:8)
  2 hound zombies (D:5)
  8 gnolls
  5 adders
  A shadow imp (D:5)
  2 white imps
  2 worms
  20 orcs
  6 endoplasms
  3 giant cockroaches
  4 goblins
  5 hobgoblins
  3 quokkas
  4 ball pythons
  2 bats
  4 frilled lizards
  10 kobolds
  3 rats
125 creatures vanquished.

Vanquished Creatures (others)
  2 endoplasms (D:2)
2 creatures vanquished.

Grand Total: 127 creatures vanquished

Notes
Turn   | Place    | Note
-------+----------+-------------------------------------------
     0 | D:1      | safid the Hill Orc Fighter began the quest for the Orb.
     0 | D:1      | Reached XP level 1. HP: 19/19 MP: 1/1
   463 | D:1      | Reached XP level 2. HP: 27/27 MP: 2/2
   540 | D:1      | Reached skill level 3 in Axes
   825 | D:1      | Found a faded altar of an unknown god.
   990 | D:2      | Reached XP level 3. HP: 14/33 MP: 3/3
  1295 | D:2      | Reached skill level 4 in Axes
  1295 | D:2      | Reached XP level 4. HP: 22/40 MP: 4/4
  2322 | D:2      | Reached skill level 5 in Axes
  2741 | D:3      | Reached XP level 5. HP: 43/46 MP: 5/5
  3020 | D:3      | Reached skill level 6 in Axes
  3363 | D:4      | Reached skill level 7 in Axes
  3363 | D:4      | Reached XP level 6. HP: 39/52 MP: 6/6
  3573 | D:4      | Noticed a black bear
  3587 | D:4      | Killed a black bear
  3775 | D:3      | Reached skill level 8 in Axes
  4163 | D:4      | Reached XP level 7. HP: 59/59 MP: 7/7
  4223 | D:4      | Reached skill level 9 in Axes
  4247 | D:4      | Found Cyurur's Mayhem Merchandise.
  4443 | D:4      | Found a staircase to the Ecumenical Temple.
  4551 | Temple   | Entered the Ecumenical Temple
  4677 | D:5      | Entered Level 5 of the Dungeon
  4722 | D:5      | Noticed Pikel
  4744 | D:5      | Killed Pikel
  4745 | D:5      | Reached skill level 11 in Axes
  4745 | D:5      | Reached XP level 8. HP: 42/66 MP: 8/8
  4909 | D:5      | Reached skill level 12 in Axes
  5296 | D:5      | Found a white marble altar of Elyvilon.
  5449 | D:5      | Noticed a wraith
  5453 | D:5      | Killed a wraith
  5454 | D:5      | Reached skill level 13 in Axes
  5593 | D:5      | Reached XP level 9. HP: 71/71 MP: 9/9
  5856 | D:5      | Reached skill level 14 in Axes
  5957 | D:5      | Found a sparkling altar of Nemelex Xobeh.
  6116 | D:6      | Found a snail-covered altar of Cheibriados.
  6172 | D:6      | Noticed Edmund
  6192 | D:6      | Killed Edmund
  6408 | D:6      | Found a sacrificial altar of Ru.
  6413 | D:6      | Reached skill level 15 in Axes
  7296 | D:7      | Reached skill level 16 in Axes
  7427 | D:7      | Reached skill level 1 in Dodging
  7834 | D:8      | Became a worshipper of Beogh the Brigand
  8044 | D:8      | Noticed a meliai
  8050 | D:8      | HP: 1/73 [meliai/+0 hand axe (10)]
  8050 | D:8      | Slain by a meliai

Illustrated notes

Levels and vault maps discovered:
D:1:      scummos_arrival_simple_fountains, layout_basic,
          ebering_ecumenical_altar_hall
D:2:      cheibrodos_pilgrimage, layout_basic, lemuel_flame_loot_1
D:3:      layout_loops_ring, serial_glass, glass_columns_b, glass_columns_b
D:4:      layout_loops_ring, minmay_temple_entry_enclosed_plants,
          minmay_shop_mayhem
D:5:      layout_loops_corners, elyvilon_altar_3, nemelex_spade_bored_becter,
          uniq_pikel
D:6:      layout_basic, nicolae_ru_awakened_eye, cheibriados_altar_1,
          chequers_serial_rivers_micro_d, uniq_edmund
D:7:      layout_basic, nicolae_water_bricks
D:8:      kennysheep_big_flooded_room, layout_basic, gammafunk_ghost_smash,
          minmay_statues_item, abandoned_shop
Temple:   lightli_temple_of_artemis

Skill      XL: |  1  2  3  4  5  6  7  8  9 |
---------------+----------------------------+-----
Axes           | 3 4 5 7 8 11 13 16 | 16.0
Fighting       | 4 |  4.8
Armour         | 4 |  4.6
Shields        | 4 |  4.0
Dodging        | 1 |  1.5

Action                   |  1- 3 |  4- 6 |  7- 9 || total
-------------------------+-------+-------+-------++-------
Melee: War axe           |    79 |   156 |   231 ||   466
Throw: Boomerang         |       |       |     1 ||     1
Invok: Convert to Beogh  |       |       |     1 ||     1
  Use: Scroll            |       |       |    10 ||    10
       Potion            |       |       |     1 ||     1
Armor: Scale mail        |    47 |     6 |       ||    53
       Plate armour      |       |    93 |   106 ||   199
Dodge: Dodged            |    35 |    45 |    39 ||   119
Block: Buckler           |    17 |    39 |    37 ||    93
